 Dungeon Crawl Stone Soup version 0.19-a0-1384-gbb462ca (webtiles) character file.

84 st0uf the Skirmisher (level 4, -19/38 HPs)
             Began as a Formicid Abyssal Knight on Sept 3, 2016.
             Was a Follower of Lugonu.
             Demolished by an ogre
             ... wielding a +0 giant club
              (21 damage)
             ... on level 4 of the Dungeon.
             The game lasted 00:06:55 (1975 turns).

st0uf the Skirmisher (Formicid Abyssal Knight)      Turns: 1975, Time: 00:06:57

Health: -19/38     AC:  3    Str: 18    XL:     4   Next: 74%
Magic:  6/6        EV: 11    Int: 11    God:    Lugonu [*.....]
Gold:   44         SH:  0    Dex: 10    Spells: 0 memorised, 3 levels left

rFire  . . .     SeeInvis +     a - +1 spear
rCold  . . .     Gourm    .     b - +0 leather armour
rNeg   . . .     Faith    .     (no shield)
rPois  .         Spirit   .     (helmet unavailable)
rElec  .         Dismiss  .     (no cloak)
rCorr  .         Reflect  .     (no gloves)
MR     .....     Harm     .     (no boots)
Stlth  +.........               (no amulet)
                                (no ring)
                                (no ring)

@: lethally poisoned (-19 -> -21)
A: permanent stasis, dig shafts and tunnels, four strong arms, antennae 3
a: Dig, Shaft Self, Depart the Abyss, Renounce Religion


You were on level 4 of the Dungeon.
You worshipped Lugonu.
Lugonu was aware of your devotion.
You were hungry.

You visited 1 branch of the dungeon, and saw 3 of its levels.
You visited the Abyss 1 time.

You collected 44 gold pieces.

Inventory:

Hand Weapons
 a - a +1 spear (weapon)
Armour
 b - a +0 leather armour (worn)
Wands
 q - a wand of random effects (37/48)
Scrolls
 d - a scroll of fog {unknown}
 e - a scroll of fear {unknown}
 j - a scroll of immolation {unknown}
 l - a scroll of remove curse {unknown}
 o - a scroll of enchant weapon {unknown}
Potions
 h - a potion of resistance {unknown}
 i - a potion of ambrosia {unknown}
 k - a potion of lignification {unknown}
 p - a potion of magic {unknown}
Comestibles
 c - a bread ration
 f - a slice of pizza
 m - a meat ration
 n - 6 chunks of flesh


   Skills:
 + Level 4.3 Fighting
 + Level 2.6 Polearms
 + Level 2.8 Armour
 + Level 1.3 Dodging
 + Level 2.9 Invocations


You had 3 spell levels left.
You didn't know any spells.

Dungeon Overview and Level Annotations

Branches:
Dungeon (2/15)

Altars:


Innate Abilities, Weirdness & Mutations

You are under a permanent stasis effect.
You can dig through walls and to a lower floor.
Your four strong arms can wield two-handed weapons with a shield.
You have a pair of large antennae on your head. (SInv)


Message History

The ogre barely misses you.
You hit the ogre.
The ogre is lightly wounded.
The ogre closely misses you.
You hit the ogre.
The ogre is moderately wounded.
You feel sick.
You hit the ogre.
The ogre is heavily wounded.
The ogre hits you with a giant club!!
Ouch! That really hurt!
* * * LOW HITPOINT WARNING * * *
You hit the ogre.
The ogre is heavily wounded.
The ogre hits you with a giant club.
* * * LOW HITPOINT WARNING * * *
It was a potion of haste.
Your stasis keeps you stable.
The ogre hits you with a giant club!!
Ouch! That really hurt!
You die...

...............
.............................
.............................
>............................
.............................
.............................
)............................
......<..........O...........
................@†..........#
..###........................
##..##...........####....
...#.####..#.####.# ###
#.##### ###.## ##.# # ### #..
###


You could see an ogre.

Vanquished Creatures
  3 adders
  2 worms (D:2)
  A dart slug (D:2)
  2 giant geckos (D:1)
  7 bats
  4 giant cockroaches
  6 goblins
  3 hobgoblins
  4 jackals (D:2)
  A ball python (D:4)
  2 giant newts (D:1)
  4 kobolds
  7 rats
46 creatures vanquished.

Notes
Turn   | Place    | Note
-------+----------+-------------------------------------------
     0 | Abyss:1  | st0uf the Formicid Abyssal Knight began the quest for the Orb.
     0 | Abyss:1  | Reached XP level 1. HP: 18/18 MP: 2/2
    58 | D:1      | Escaped the Abyss
   118 | D:1      | Reached XP level 2. HP: 24/24 MP: 3/3
   186 | D:1      | Reached * piety under Lugonu
   426 | D:1      | Reached XP level 3. HP: 28/30 MP: 4/4
   474 | D:1      | Reached skill level 1 in Dodging
   621 | D:1      | Reached skill level 4 in Fighting
  1478 | D:2      | Reached XP level 4. HP: 25/37 MP: 5/5
  1936 | D:2      | You fall through a shaft for 2 floors!
  1959 | D:4      | Noticed an ogre
  1975 | D:4      | Demolished by an ogre

Vault maps used:
D:1:      dpeg_arrival_another_circle
D:2:      nrook_loot_triangle
D:4:      nicolae_ossuary_entry_ruins, minmay_crystal_room
Abyss:1:  evilmike_abyss_exit_17

Skill      XL: |  1  2  3 |
---------------+----------+-----
Dodging        | 1 |  1.3
Fighting       | 4 |  4.3
Polearms       | |  2.6
Armour         | |  2.8
Invocations    | |  2.9

Action                   |  1- 3 |  4- 6 || total
-------------------------+-------+-------++-------
Melee: Spear             |   152 |    43 ||   195
Invok: Depart the Abyss  |     1 |       ||     1
  Use: Potion            |       |     1 ||     1
  Eat: Chunk             |     2 |     1 ||     3
Armor: Leather armour    |    40 |     8 ||    48
Dodge: Dodged            |    54 |    21 ||    75
